cohdb
Replays
Latest Replays
All Replays
Popular Replays
Top Player Replays
Match Explorer
How It Works
Community
CoH3 Stats
Reddit
Sign in to upload your games and track your stats! →
Sign in with Steam
Match 42359679
Unlisted
Match 42359679
Overview
Messages
Build Orders
End
Pioneer Squad
Construct Infanterie Kompanie
Selects Terror Battlegroup
MG 42 Machine Gun Team
Selects Machine Gun Camouflage
Grenadier Squad
Grenadier Squad
Grenadier Squad
MG 42 Machine Gun Team
Construct Panzergrenadier Kompanie
Selects Contempt for the Weak
Pak 40 Anti-tank Gun Team
251 Medium Carrier
Panzergrenadier Squad
Selects Defend the Fatherland
Pak 40 Anti-tank Gun Team
Zirokah
HighPraetorian
ConcernedApe
Itaca
0
0
Comments
sign in to comment!
No comments posted yet!